Map: Submarine LE

Players

Luis - Winner!

  • Race: Protoss Protoss
  • Spawn Location: 5:00

ClaDeNbKiY

  • Race: Protoss Protoss
  • League: Silver
  • Spawn Location: 11:00

VOD

Have the link to the VOD?

Description

Time

  • Played on: March 19, 2021, 2:38 p.m.
  • Length: 26:22
Show
View Real Time Build Order
Export as new Build Order

Luis Protoss - Winner!

Build Orders:  

Get SALT Encoding   

  12  0:00  Probe  
  13  0:12  Probe  
  14  0:24  Pylon  
  14  0:25  Probe  
  15  0:42  Probe  
  16  0:50  Gateway  
  16  1:04  Probe  
  17  1:10  Assimilator  
  17  1:14  Pylon  
  17  1:16  Probe  
  18  1:32  Gateway  
  18  1:33  Probe  
  19  1:42  Forge  
  19  1:57  Cybernetics Core  
  19  2:04  Pylon  
  19  2:18  Probe  
  20  2:37  Probe  
  20  2:41  Warp Gate (Chrono Boost)  
  21  2:46  Adept x2  
  21  2:49  Probe  
  25  3:14  Gateway  
  25  3:16  Pylon  
  25  3:17  Photon Cannon  
  25  3:22  Probe  
  26  3:28  Stalker x2  
  30  3:40  Probe  
  31  3:57  Pylon x2  
  29  4:24  Stalker x3  
  33  4:55  Nexus  
  33  4:58  Assimilator  
  33  5:03  Shield Battery  
  33  5:05  Stalker x3  
  39  5:13  Probe  
  40  5:19  Protoss Ground Weapons Level 1  
  40  5:25  Probe  
  41  5:37  Probe, Pylon  
  42  5:45  Pylon  
  42  5:52  Pylon  
  42  5:55  Assimilator  
  42  5:58  Probe  
  43  6:09  Assimilator  
  43  6:10  Probe (Chrono Boost)  
  44  6:11  Stalker  
  44  6:12  Stalker x2, Pylon  
  50  6:22  Probe (Chrono Boost)  
  50  6:23  Probe (Chrono Boost)  
  52  6:32  Probe x2 (Chrono Boost)  
  54  6:35  Stalker x2  
  54  6:37  Probe x2 (Chrono Boost)  
  60  6:43  Twilight Council  
  60  6:48  Probe x2  
  62  6:57  Sentry  
  64  7:16  Probe x2  
  64  7:17  Blink (Chrono Boost)  
  66  7:27  Stargate  
  66  7:28  Probe  
  67  8:18  Probe x2  
  69  8:30  Probe x2  
  69  8:42  Probe  
  60  9:09  Stalker x3  
  64  9:15  Protoss Ground Armor Level 1 (Chrono Boost)  
  64  9:19  Gateway  
  64  9:20  Gateway  
  64  9:21  Gateway  
  64  9:25  Gateway  
  64  9:47  Probe x2  
  64  9:48  Charge  
  64  9:49  Nexus, Assimilator  
  64  9:51  Zealot  
  64  9:52  Zealot x2  
  72  9:54  Pylon  
  72  9:55  Pylon, Assimilator  
  72  10:13  Stalker x3  
  78  10:27  Void Ray (Chrono Boost), Robotics Facility  
  78  10:28  Robotics Facility  
  78  10:31  Pylon  
  82  10:49  Probe  
  83  10:50  Probe  
  83  10:54  Protoss Air Weapons Level 1 (Chrono Boost)  
  84  11:01  Probe  
  84  11:02  Probe  
  82  11:04  Stalker x3  
  82  11:05  Stalker x2, Pylon  
  82  11:06  Stalker x2  
  88  11:13  Probe  
  63  11:31  Stalker x4  
  63  11:32  Stalker x3  
  53  11:59  Stalker  
  53  12:00  Stalker x6  
  67  12:08  Probe x2  
  65  12:20  Probe  
  60  12:29  Stalker x3  
  60  12:30  Stalker x3  
  66  12:41  Immortal  
  70  12:49  Protoss Ground Weapons Level 2 (Chrono Boost)  
  70  12:59  Probe  
  71  13:12  Probe  
  72  13:13  Nexus  
  72  13:19  Probe  
  73  13:24  Probe  
  74  13:46  Pylon  
  74  13:48  Probe x2  
  76  13:49  Pylon  
  76  13:51  Pylon  
  76  13:53  Assimilator  
  76  13:59  Assimilator  
  76  14:00  Probe  
  76  14:01  Stalker x2  
  81  14:13  Photon Cannon  
  81  14:23  Immortal (Chrono Boost)  
  85  14:30  Probe x2  
  85  14:31  Probe  
  88  14:50  Stalker x3  
  94  15:06  Immortal (Chrono Boost)  
  98  15:12  Immortal (Chrono Boost)  
  83  16:00  Stalker x3  
  83  16:01  Stalker  
  73  16:22  Immortal x2 (Chrono Boost)  
  63  16:40  Stalker x3  
  63  16:41  Stalker  
  67  16:54  Immortal  
  62  17:26  Stalker x3  
  62  17:27  Stalker  
  70  17:34  Immortal x2, Void Ray  
  82  17:54  Nexus  
  82  17:57  Pylon  
  82  17:59  Pylon  
  82  18:01  Shield Battery, Pylon  
  82  18:04  Gateway, Assimilator  
  82  18:05  Gateway  
  82  18:06  Gateway  
  82  18:07  Assimilator  
  82  18:10  Gateway  
  82  18:14  Pylon  
  82  18:17  Stalker  
  82  18:18  Stalker x3  
  90  18:27  Pylon  
  90  18:43  Probe x2  
  90  18:46  Stalker x2  
  90  18:47  Stalker x2  
  100  19:01  Photon Cannon  
  100  19:02  Photon Cannon  
  100  19:05  Photon Cannon  
  100  19:07  Gateway  
  100  19:08  Gateway  
  100  19:13  Probe x3  
  100  19:15  Probe  
  104  19:25  Probe  
  105  19:35  Pylon  
  105  19:42  Stalker x5  
  115  19:58  Dark Shrine  
  115  20:01  Stalker x4  
  123  20:17  Stalker x4  
  113  21:17  Pylon  
  113  21:19  Pylon  
  113  21:25  Pylon  
  113  21:27  Stalker x2  
  113  21:28  Stalker x2  
  113  21:29  Dark Templar x4  
  129  21:38  Archon  
  129  21:41  Archon  
  129  21:48  Dark Templar x2  
  133  21:56  Dark Templar x2  
  137  22:17  Immortal x2  
  137  22:20  Stalker x4  
  137  22:21  Stalker x2  
  155  22:50  Stalker x6  
  167  22:56  Observer  
  166  23:07  Pylon  
  166  23:11  Dark Templar x5  
  176  23:13  Archon  
  176  23:15  Archon  
  176  23:16  Archon  
  176  23:18  Pylon  
  176  23:39  Dark Templar, Zealot  
  176  23:40  Zealot x4  
  141  24:53  Stalker x2  
  141  24:54  Stalker  
  141  24:55  Stalker x6  
  153  25:49  Dark Templar x5  
  163  25:50  Dark Templar  
Show
View Real Time Build Order
Export as new Build Order

ClaDeNbKiY Protoss 

Build Orders:  

Get SALT Encoding   

  12  0:01  Probe  
  13  0:19  Pylon  
  13  0:21  Probe  
  14  0:33  Probe (Chrono Boost)  
  14  0:34  Assimilator  
  16  0:44  Probe (Chrono Boost)  
  16  0:46  Gateway  
  16  0:58  Probe  
  17  1:11  Probe  
  18  1:18  Pylon  
  18  1:23  Probe (Chrono Boost), Pylon  
  19  1:30  Assimilator  
  19  1:35  Probe (Chrono Boost)  
  19  1:36  Zealot  
  22  1:42  Probe (Chrono Boost)  
  23  1:49  Probe  
  24  2:01  Probe  
  25  2:14  Zealot  
  27  2:33  Assimilator  
  27  2:41  Zealot  
  29  2:44  Pylon  
  29  2:57  Cybernetics Core  
  31  3:15  Nexus  
  29  3:21  Pylon x2  
  29  3:24  Pylon  
  29  3:26  Pylon  
  29  3:28  Pylon  
  29  3:29  Pylon  
  29  3:31  Probe, Pylon  
  30  3:34  Pylon  
  32  3:43  Probe  
  29  5:13  Pylon  
  29  5:15  Pylon, Warp Gate (Chrono Boost)  
  29  5:16  Stalker  
  29  5:18  Pylon  
  31  5:21  Pylon  
  31  5:25  Gateway  
  31  5:26  Pylon  
  31  5:27  Gateway  
  31  5:28  Pylon  
  31  5:31  Gateway  
  31  5:36  Forge  
  31  5:42  Gateway  
  31  5:44  Probe (Chrono Boost)  
  32  5:55  Probe (Chrono Boost)  
  33  5:57  Gateway  
  33  6:04  Shield Battery  
  33  6:13  Stalker  
  33  6:16  Stalker  
  37  6:22  Probe (Chrono Boost)  
  39  6:33  Probe (Chrono Boost)  
  39  6:39  Probe (Chrono Boost)  
  40  6:45  Probe (Chrono Boost)  
  42  6:47  Probe (Chrono Boost)  
  42  6:53  Probe (Chrono Boost)  
  44  6:54  Probe (Chrono Boost)  
  44  6:55  Protoss Ground Weapons Level 1  
  44  6:57  Probe (Chrono Boost)  
  45  7:01  Probe  
  45  7:08  Probe  
  47  7:10  Stalker x2  
  51  7:20  Twilight Council, Probe  
  52  7:23  Assimilator  
  52  7:28  Assimilator  
  52  7:32  Probe  
  51  7:38  Robotics Facility  
  51  7:44  Probe  
  50  7:54  Stalker  
  50  7:55  Stalker x4  
  50  7:56  Probe  
  61  8:02  Blink (Chrono Boost)  
  61  8:08  Probe  
  60  8:27  Shield Battery  
  60  8:28  Shield Battery  
  60  8:30  Shield Battery  
  60  8:31  Stalker x2  
  60  8:32  Stalker x2  
  58  9:01  Stalker  
  58  9:02  Stalker x4  
  64  9:19  Gateway  
  64  9:29  Probe  
  65  9:36  Stalker x5  
  75  9:41  Probe  
  76  9:53  Probe  
  77  10:05  Warp Prism  
  79  10:15  Gateway  
  79  10:16  Gateway  
  79  10:17  Gateway  
  79  10:20  Charge  
  79  10:21  Protoss Ground Armor Level 1 (Chrono Boost)  
  79  10:25  Gateway  
  79  10:27  Gateway  
  79  10:33  Stalker x3  
  79  10:34  Stalker  
  85  11:14  Stalker x3  
  85  11:15  Stalker x2  
  85  11:16  Stalker x3  
  43  12:39  Warp Prism (Chrono Boost)  
  43  12:43  Stalker x2  
  43  12:44  Stalker x3  
  51  12:45  Stalker x3  
  51  12:46  Stalker x2  
  51  12:47  Stalker  
  67  13:04  Nexus  
  67  13:18  Stalker x2  
  67  13:19  Stalker x5  
  81  13:20  Stalker  
  83  13:32  Stalker  
  83  13:33  Stalker  
  87  14:29  Pylon  
  87  14:31  Pylon  
  87  14:32  Pylon  
  87  14:43  Stalker x4  
  87  14:44  Stalker x5  
  99  15:48  Stalker x2  
  99  15:49  Stalker x4  
  101  15:50  Stalker x4  
  69  16:08  Stalker  
  51  16:12  Stalker x3  
  51  16:13  Stalker x4  
  51  16:14  Stalker x2  
  51  16:15  Stalker  
  49  16:51  Zealot  
  49  16:52  Zealot x3  
  49  16:53  Zealot x4  
  49  16:54  Zealot x3  
  47  17:38  Photon Cannon  
  47  17:39  Photon Cannon  
  47  17:42  Photon Cannon  
  47  17:44  Shield Battery  
  47  17:46  Shield Battery  
  47  17:47  Assimilator x2  
  47  17:48  Stalker x3  
  47  17:49  Stalker x4  
  47  17:50  Stalker x2  
  65  17:53  Stalker  
  67  18:01  Protoss Ground Weapons Level 2  
  67  18:23  Nexus  
  67  18:28  Pylon  
  67  18:31  Pylon  
  67  18:40  Probe (Chrono Boost)  
  68  18:50  Probe (Chrono Boost)  
  68  18:54  Probe (Chrono Boost)  
  69  19:02  Probe  
  71  19:14  Probe  
  72  19:26  Probe  
  73  19:47  Stalker  
  73  19:48  Stalker x3  
  73  19:49  Stalker x4  
  73  19:50  Stalker x3  
  87  20:49  Stalker x4  
  93  20:50  Stalker x2  
  93  20:51  Stalker x3  
  93  20:52  Stalker x2  
  91  21:15  Stalker  
  91  21:16  Stalker x3  
  91  21:17  Stalker x4  
  91  21:18  Stalker x3  
  114  21:33  Observer  
  114  21:38  Probe (Chrono Boost)  
  115  21:42  Protoss Ground Weapons Level 3 (Chrono Boost)  
  116  21:48  Probe (Chrono Boost)  
  116  21:53  Probe (Chrono Boost)  
  117  21:54  Observer  
  117  21:56  Forge  
  118  22:20  Assimilator  
  118  22:22  Assimilator  
  112  22:47  Zealot x2  
  112  22:48  Zealot x3  
  122  23:32  Photon Cannon  
  122  23:34  Photon Cannon  
  122  23:37  Photon Cannon  
  84  24:22  Stalker x3  
  84  24:23  Stalker x5  
  84  24:24  Stalker x3  
  55  25:05  Zealot x3  
  55  25:06  Zealot x5  
  71  25:07  Zealot x3  
  59  25:31  Gateway  
  59  25:32  Gateway x2  
  59  25:33  Gateway  
  59  25:35  Gateway x2  
  39  25:36  Gateway  
  22  25:45  Stalker  
  22  25:46  Stalker x3  
  22  25:47  Stalker x3  
  22  25:49  Stalker  
Tags
 
League
Silver
Matchup
PvP
Spawn Locations
Cross Positions
Add a new tag
Caveats
  • Supply blocks, unpowered buildings, or Contaminate may cause inaccurate times.
  • Supply counts are checked every 10 seconds.